[ PARTIDA AOE2 · #476422735 ]
UnrankedIncas vs Jurchens
Equipo del jugador · DERR
Equipo rival · VICT
[ ANÁLISIS DE REPETICIÓN · EXTRAÍDO DE LA PARTIDA GRABADA ]
Feudal
10:51
Castillos
23:16
Imperial
—
| APM promedio | 36.8 |
| APM pico | 68 |
| eAPM promedio | 19.5 |
| Aldeanos / militares | 53 / 33 |
Foco
⚔️ 43.7% · 🌾 56.3%
Skirmisher ×13 · Archer ×11 · Spearman ×9 · Unknown (2550) ×1
Feudal
9:02
Castillos
24:11
Imperial
—
| APM promedio | 44.3 |
| APM pico | 73 |
| eAPM promedio | 23.4 |
| Aldeanos / militares | 102 / 44 |
Foco
⚔️ 24.5% · 🌾 75.5%
Steppe Lancer ×26 · Skirmisher ×12 · Scout Cavalry ×6
Mapa de la partida
Recursos iniciales + cada clic de construcción. Líneas = muros · curvas = relieve. ◆ oro · ⬟ piedra · ● bayas · ✦ reliquia · ◌ hueco del cierre
Tu base· Abierta — el rival se encerró
Base de VNS_MONGKHAN· ✓ Cerrada en 24:11 · 39t muro · 1 puerta(s)
Terreno inicial suavizado · ◌ = hueco del cierre detectado · pasá el cursor para detalles
Inputs por minuto
— Outback_Wizard - - VNS_MONGKHAN
Build order — Outback_Wizard
Primeras 150 de 192 acciones detectadas
| 0:01 | Crear | Villager (Male) |
| 0:02 | Crear | Villager (Male) |
| 0:03 | Construir | House |
| 0:04 | Construir | House |
| 0:20 | Crear | Villager (Male) |
| 0:20 | Crear | Villager (Male) |
| 1:26 | Crear | Villager (Male) |
| 1:59 | Crear | Villager (Male) |
| 2:17 | Construir | Settlement |
| 2:27 | Crear | Villager (Male) |
| 2:49 | Crear | Villager (Male) |
| 3:21 | Crear | Villager (Male) |
| 3:49 | Crear | Villager (Male) |
| 4:12 | Construir | Settlement |
| 4:27 | Crear | Villager (Male) |
| 4:35 | Crear | Villager (Male) |
| 5:12 | Crear | Villager (Male) |
| 5:25 | Investigar | Loom |
| 5:52 | Crear | Villager (Male) |
| 6:16 | Crear | Villager (Male) |
| 6:34 | Crear | Villager (Male) |
| 6:46 | Construir | Settlement |
| 6:58 | Investigar | Loom |
| 7:26 | Crear | Villager (Male) |
| 7:47 | Construir | Barracks |
| 8:04 | Crear | Villager (Male) |
| 8:11 | Construir | Palisade Wall |
| 8:13 | Construir | Palisade Wall |
| 8:41 | Investigar | Feudal Age |
| 9:08 | Construir | Palisade Wall |
| 9:09 | Construir | Palisade Wall |
| 9:11 | Construir | Palisade Wall |
| 9:11 | Construir | Palisade Wall |
| 9:11 | Construir | Palisade Wall |
| 9:43 | Construir | Palisade Wall |
| 9:45 | Construir | Palisade Wall |
| 9:47 | Construir | Palisade Wall |
| 9:56 | Construir | Palisade Wall |
| 10:51 | Edad | Edad Feudal |
| 10:54 | Construir | Archery Range |
| 10:56 | Construir | Archery Range |
| 10:58 | Crear | Villager (Male) |
| 11:00 | Construir | Blacksmith |
| 11:02 | Crear | Villager (Male) |
| 11:06 | Investigar | Double-Bit Axe |
| 11:12 | Construir | Palisade Wall |
| 11:13 | Construir | Palisade Wall |
| 11:14 | Construir | Palisade Wall |
| 11:23 | Construir | Palisade Wall |
| 11:24 | Construir | Palisade Wall |
| 11:37 | Crear | Villager (Male) |
| 11:39 | Crear | Spearman |
| 11:39 | Crear | Spearman |
| 11:49 | Crear | Archer |
| 12:04 | Crear | Spearman |
| 12:12 | Crear | Archer |
| 12:16 | Crear | Skirmisher |
| 12:23 | Crear | Archer |
| 12:31 | Construir | Palisade Wall |
| 12:35 | Construir | Palisade Wall |
| 12:44 | Construir | Palisade Wall |
| 12:46 | Crear | Villager (Male) |
| 12:48 | Crear | Archer |
| 12:48 | Crear | Archer |
| 12:56 | Crear | Archer |
| 13:01 | Construir | Farm |
| 13:02 | Construir | Farm |
| 13:05 | Construir | Farm |
| 13:17 | Crear | Archer |
| 13:17 | Crear | Archer |
| 13:27 | Construir | Farm |
| 13:29 | Construir | Farm |
| 13:44 | Crear | Spearman |
| 13:53 | Construir | Farm |
| 14:11 | Investigar | Horse Collar |
| 14:25 | Crear | Villager (Male) |
| 14:33 | Construir | Farm |
| 14:44 | Crear | Archer |
| 14:44 | Crear | Archer |
| 14:59 | Investigar | Fletching |
| 15:01 | Crear | Archer |
| 15:02 | Construir | Farm |
| 15:15 | Crear | Villager (Male) |
| 15:16 | Crear | Villager (Male) |
| 15:37 | Crear | Villager (Male) |
| 15:40 | Construir | Farm |
| 15:42 | Construir | Farm |
| 15:54 | Construir | Palisade Gate |
| 16:00 | Construir | House |
| 16:01 | Construir | Palisade Wall |
| 16:02 | Construir | Palisade Wall |
| 16:05 | Construir | Palisade Wall |
| 16:26 | Crear | Villager (Male) |
| 16:32 | Construir | House |
| 16:35 | Construir | Palisade Wall |
| 16:40 | Construir | Palisade Wall |
| 16:48 | Construir | Farm |
| 16:59 | Construir | Farm |
| 17:12 | Construir | Palisade Wall |
| 17:13 | Crear | Villager (Male) |
| 17:42 | Construir | Farm |
| 17:43 | Construir | Farm |
| 18:07 | Crear | Villager (Male) |
| 18:16 | Crear | Villager (Male) |
| 18:21 | Crear | Villager (Male) |
| 18:34 | Construir | Settlement |
| 18:37 | Crear | Villager (Male) |
| 18:42 | Construir | Farm |
| 19:26 | Crear | Villager (Male) |
| 19:31 | Construir | Market |
| 19:38 | Crear | Villager (Male) |
| 19:49 | Crear | Spearman |
| 19:56 | Construir | Palisade Wall |
| 20:36 | Investigar | Castle Age |
| 20:37 | Investigar | Castle Age |
| 20:42 | Construir | Palisade Wall |
| 20:43 | Construir | Palisade Wall |
| 20:51 | Construir | Palisade Wall |
| 20:53 | Construir | Palisade Wall |
| 20:53 | Construir | Palisade Wall |
| 20:54 | Construir | Palisade Wall |
| 20:57 | Construir | Palisade Wall |
| 21:12 | Crear | Skirmisher |
| 21:12 | Crear | Skirmisher |
| 21:12 | Crear | Skirmisher |
| 21:30 | Construir | Palisade Wall |
| 21:36 | Crear | Skirmisher |
| 21:40 | Crear | Spearman |
| 21:52 | Construir | Palisade Wall |
| 21:52 | Construir | Palisade Wall |
| 21:54 | Construir | Palisade Wall |
| 21:58 | Crear | Skirmisher |
| 21:58 | Crear | Skirmisher |
| 22:03 | Crear | Villager (Male) |
| 22:03 | Crear | Villager (Male) |
| 22:14 | Crear | Skirmisher |
| 22:15 | Crear | Skirmisher |
| 22:34 | Construir | Settlement |
| 22:37 | Investigar | Padded Archer Armor |
| 22:38 | Crear | Skirmisher |
| 22:38 | Crear | Skirmisher |
| 22:41 | Crear | Spearman |
| 23:16 | Edad | Edad de los Castillos |
| 23:27 | Construir | Settlement |
| 23:35 | Investigar | Bodkin Arrow |
| 23:55 | Construir | Palisade Wall |
| 23:56 | Crear | Villager (Male) |
| 24:14 | Crear | Spearman |
| 24:14 | Crear | Spearman |
| 24:36 | Crear | Villager (Male) |
Build order — VNS_MONGKHAN
Primeras 150 de 230 acciones detectadas
| 0:00 | Crear | Villager (Male) |
| 0:00 | Crear | Villager (Male) |
| 0:01 | Crear | Villager (Male) |
| 0:01 | Crear | Villager (Male) |
| 0:02 | Construir | House |
| 0:04 | Construir | House |
| 1:12 | Crear | Villager (Male) |
| 1:36 | Crear | Villager (Male) |
| 2:14 | Crear | Villager (Male) |
| 2:15 | Crear | Villager (Male) |
| 2:49 | Crear | Villager (Male) |
| 3:01 | Construir | Mill |
| 3:06 | Crear | Villager (Male) |
| 3:06 | Crear | Villager (Male) |
| 3:25 | Construir | House |
| 3:29 | Crear | Villager (Male) |
| 3:29 | Crear | Villager (Male) |
| 3:51 | Crear | Villager (Male) |
| 4:01 | Crear | Villager (Male) |
| 4:16 | Crear | Villager (Male) |
| 4:35 | Construir | Lumber Camp |
| 5:00 | Crear | Villager (Male) |
| 5:01 | Crear | Villager (Male) |
| 5:34 | Crear | Villager (Male) |
| 5:35 | Investigar | Loom |
| 6:52 | Investigar | Feudal Age |
| 7:21 | Construir | House |
| 7:37 | Construir | Barracks |
| 9:02 | Edad | Edad Feudal |
| 9:03 | Construir | Stable |
| 9:05 | Crear | Villager (Male) |
| 9:06 | Investigar | Double-Bit Axe |
| 9:06 | Investigar | Double-Bit Axe |
| 9:08 | Crear | Villager (Male) |
| 9:41 | Crear | Scout Cavalry ×2 |
| 9:42 | Crear | Scout Cavalry ×2 |
| 9:56 | Construir | Archery Range |
| 9:58 | Crear | Villager (Male) |
| 9:58 | Crear | Villager (Male) |
| 10:18 | Crear | Scout Cavalry |
| 10:18 | Crear | Scout Cavalry |
| 10:25 | Crear | Villager (Male) |
| 10:25 | Crear | Villager (Male) |
| 10:35 | Construir | House |
| 10:49 | Crear | Villager (Male) |
| 10:50 | Crear | Villager (Male) |
| 10:53 | Construir | Mill |
| 11:07 | Construir | House |
| 11:10 | Construir | Palisade Wall |
| 11:24 | Crear | Skirmisher ×4 |
| 11:27 | Construir | House |
| 11:29 | Construir | Farm |
| 11:55 | Crear | Villager (Male) |
| 11:55 | Crear | Villager (Male) |
| 11:57 | Construir | Farm |
| 11:59 | Construir | Farm |
| 12:00 | Crear | Villager (Male) |
| 12:00 | Crear | Villager (Male) |
| 12:02 | Construir | House |
| 12:09 | Construir | Palisade Wall |
| 12:21 | Construir | House |
| 12:25 | Construir | Palisade Wall |
| 12:31 | Crear | Villager (Male) |
| 12:59 | Construir | Farm |
| 13:01 | Crear | Villager (Male) |
| 13:07 | Construir | House |
| 13:18 | Construir | Palisade Wall |
| 13:26 | Crear | Skirmisher |
| 13:27 | Crear | Villager (Male) |
| 13:28 | Crear | Villager (Male) |
| 13:30 | Construir | Farm |
| 13:50 | Construir | Palisade Gate |
| 13:56 | Crear | Skirmisher |
| 13:56 | Crear | Skirmisher |
| 14:01 | Crear | Villager (Male) |
| 14:08 | Crear | Villager (Male) |
| 14:10 | Crear | Villager (Male) |
| 14:23 | Construir | Blacksmith |
| 14:24 | Crear | Villager (Male) |
| 14:34 | Crear | Villager (Male) |
| 15:04 | Construir | Lumber Camp |
| 15:11 | Crear | Villager (Male) |
| 15:19 | Construir | House |
| 15:21 | Investigar | Fletching |
| 15:21 | Investigar | Fletching |
| 15:27 | Crear | Villager (Male) |
| 15:31 | Construir | House |
| 16:25 | Crear | Villager (Male) |
| 16:25 | Crear | Villager (Male) |
| 16:25 | Crear | Villager (Male) |
| 16:28 | Construir | Farm |
| 16:30 | Crear | Skirmisher |
| 16:34 | Crear | Villager (Male) |
| 16:46 | Crear | Villager (Male) |
| 16:47 | Construir | Mining Camp |
| 16:51 | Construir | Farm |
| 16:52 | Construir | Farm |
| 16:54 | Crear | Villager (Male) |
| 17:05 | Construir | House |
| 17:11 | Crear | Skirmisher |
| 17:11 | Crear | Skirmisher |
| 17:39 | Crear | Villager (Male) |
| 17:41 | Crear | Villager (Male) |
| 17:41 | Crear | Villager (Male) |
| 17:46 | Construir | Farm |
| 17:47 | Construir | Farm |
| 17:48 | Crear | Villager (Male) |
| 17:48 | Crear | Villager (Male) |
| 18:13 | Construir | Farm |
| 18:16 | Construir | Lumber Camp |
| 18:18 | Crear | Villager (Male) |
| 18:27 | Construir | House |
| 18:43 | Crear | Villager (Male) |
| 18:48 | Crear | Villager (Male) |
| 18:50 | Construir | Farm |
| 19:04 | Construir | Farm |
| 19:10 | Crear | Villager (Male) |
| 19:14 | Construir | Farm |
| 19:25 | Crear | Villager (Male) |
| 19:32 | Crear | Villager (Male) |
| 19:36 | Construir | Farm |
| 19:56 | Crear | Villager (Male) |
| 20:00 | Construir | Farm |
| 20:09 | Crear | Skirmisher |
| 20:09 | Crear | Skirmisher |
| 20:12 | Crear | Villager (Male) |
| 20:13 | Construir | Farm |
| 20:15 | Construir | Farm |
| 20:16 | Construir | Farm |
| 20:34 | Construir | Farm |
| 20:36 | Construir | Farm |
| 20:39 | Construir | Farm |
| 20:40 | Construir | Farm |
| 20:55 | Construir | Farm |
| 21:10 | Construir | Farm |
| 21:17 | Construir | Farm |
| 21:27 | Investigar | Castle Age |
| 21:27 | Investigar | Castle Age |
| 21:54 | Investigar | Scale Barding Armor |
| 21:54 | Investigar | Scale Barding Armor |
| 22:02 | Investigar | Gold Mining |
| 22:07 | Construir | Stable |
| 22:08 | Construir | Stable |
| 22:33 | Investigar | Forging |
| 22:33 | Investigar | Forging |
| 23:09 | Investigar | Bloodlines |
| 23:09 | Investigar | Bloodlines |
| 23:25 | Investigar | Wheelbarrow |
| 23:25 | Investigar | Wheelbarrow |
| 24:11 | Edad | Edad de los Castillos |
Cronología de la partida
| 7:37 | VNS_MONGKHAN · first_building Barracks |
| 7:47 | Outback_Wizard · first_building Barracks |
| 8:11 | Outback_Wizard · wall_segment Palisade Wall x1 |
| 8:13 | Outback_Wizard · wall_segment Palisade Wall x1 |
| 9:02 | VNS_MONGKHAN · age_up feudal |
| 9:03 | VNS_MONGKHAN · first_building Stable |
| 9:08 | Outback_Wizard · wall_segment Palisade Wall x1 |
| 9:09 | Outback_Wizard · wall_segment Palisade Wall x1 |
| 9:11 | Outback_Wizard · wall_segment Palisade Wall x1 |
| 9:11 | Outback_Wizard · wall_segment Palisade Wall x1 |
| 9:11 | Outback_Wizard · wall_segment Palisade Wall x1 |
| 9:43 | Outback_Wizard · wall_segment Palisade Wall x1 |
| 9:45 | Outback_Wizard · wall_segment Palisade Wall x1 |
| 9:47 | Outback_Wizard · wall_segment Palisade Wall x1 |
| 9:56 | VNS_MONGKHAN · first_building Archery Range |
| 9:56 | Outback_Wizard · wall_segment Palisade Wall x3 |
| 10:51 | Outback_Wizard · age_up feudal |
| 10:54 | Outback_Wizard · first_building Archery Range |
| 11:10 | VNS_MONGKHAN · wall_segment Palisade Wall x13 |
| 11:12 | Outback_Wizard · wall_segment Palisade Wall x1 |
| 11:13 | Outback_Wizard · wall_segment Palisade Wall x1 |
| 11:14 | Outback_Wizard · wall_segment Palisade Wall x1 |
| 11:23 | Outback_Wizard · wall_segment Palisade Wall x1 |
| 11:24 | Outback_Wizard · wall_segment Palisade Wall x1 |
| 12:09 | VNS_MONGKHAN · wall_segment Palisade Wall x11 |
| 12:25 | VNS_MONGKHAN · wall_segment Palisade Wall x4 |
| 12:31 | Outback_Wizard · wall_segment Palisade Wall x3 |
| 12:35 | Outback_Wizard · wall_segment Palisade Wall x3 |
| 12:44 | Outback_Wizard · wall_segment Palisade Wall x5 |
| 13:18 | VNS_MONGKHAN · wall_segment Palisade Wall x11 |
| 16:01 | Outback_Wizard · wall_segment Palisade Wall x1 |
| 16:02 | Outback_Wizard · wall_segment Palisade Wall x1 |
| 16:05 | Outback_Wizard · wall_segment Palisade Wall x1 |
| 16:35 | Outback_Wizard · wall_segment Palisade Wall x4 |
| 16:40 | Outback_Wizard · wall_segment Palisade Wall x1 |
| 17:12 | Outback_Wizard · wall_segment Palisade Wall x6 |
| 19:56 | Outback_Wizard · wall_segment Palisade Wall x1 |
| 20:30 | Outback_Wizard · first_market_sell 100 wood |
| 20:42 | Outback_Wizard · wall_segment Palisade Wall x1 |
| 20:43 | Outback_Wizard · wall_segment Palisade Wall x1 |
| 20:51 | Outback_Wizard · wall_segment Palisade Wall x1 |
| 20:53 | Outback_Wizard · wall_segment Palisade Wall x1 |
| 20:53 | Outback_Wizard · wall_segment Palisade Wall x1 |
| 20:54 | Outback_Wizard · wall_segment Palisade Wall x1 |
| 20:57 | Outback_Wizard · wall_segment Palisade Wall x2 |
| 21:30 | Outback_Wizard · wall_segment Palisade Wall x1 |
| 21:52 | Outback_Wizard · wall_segment Palisade Wall x4 |
| 21:52 | Outback_Wizard · wall_segment Palisade Wall x1 |
| 21:54 | Outback_Wizard · wall_segment Palisade Wall x2 |
| 23:16 | Outback_Wizard · age_up castle |
| 23:55 | Outback_Wizard · wall_segment Palisade Wall x1 |
| 24:11 | VNS_MONGKHAN · age_up castle |
| 27:45 | VNS_MONGKHAN · first_building Siege Workshop |
| 28:24 | Outback_Wizard · wall_segment Stone Wall x1 |
| 28:29 | Outback_Wizard · wall_segment Stone Wall x1 |
| 28:35 | Outback_Wizard · wall_segment Stone Wall x1 |
| 28:37 | Outback_Wizard · wall_segment Stone Wall x1 |
| 28:37 | Outback_Wizard · wall_segment Stone Wall x1 |
| 28:38 | Outback_Wizard · wall_segment Stone Wall x1 |
| 28:53 | Outback_Wizard · resign |
[ ANÁLISIS IA · 1 CRÉDITO ]
¿Qué pasó realmente en esta partida?
Wolo.gg analiza cada decisión: build order, eco, micro, errores típicos por bracket. Análisis personalizado por WhatsApp o Discord en 30 segundos.
Guía civ
Incas
Perfil
Jugador #1978408